 Dungeon Crawl Stone Soup version 0.20.0-7-g3b7b877 (webtiles) character file.

492 Kosschaser the Slasher (level 6, 0/53 HPs)
             Began as a Draconian Abyssal Knight on May 29, 2017.
             Was a Believer of Lugonu.
             Slain by a phantom (9 damage)
             ... on level 4 of the Dungeon.
             The game lasted 00:11:55 (3935 turns).

Kosschaser the Slasher (Draconian Abyssal Knight)   Turns: 3935, Time: 00:11:56

Health: 0/53       AC:  7    Str: 15    XL:     6   Next: 91%
Magic:  7/7        EV: 13    Int: 12    God:    Lugonu [**....]
Gold:   187        SH:  0    Dex: 10    Spells: 5/5 levels left

rFire    . . .     SeeInvis .   a - +1 falchion
rCold    . . .     Gourm    .   (no shield)
rNeg     . . .     Faith    .   (armour unavailable)
rPois    .         Spirit   .   (helmet restricted)
rElec    .         Reflect  .   B - +0 cloak
rCorr    .         Harm     .   (no gloves)
MR       .....                  (no boots)
Stlth    +.........             (no amulet)
Regen    0.2/turn               k - ring of flight
MPRegen  0.1/turn               y - -2 ring of dexterity (curse)

@: no status effects
A: unfitting armour, cold-blooded, AC +6
a: Depart the Abyss, Bend Space, Renounce Religion, Evoke Flight


You were on level 4 of the Dungeon.
You worshipped Lugonu.
Lugonu was pleased with you.
You were not hungry.

You visited 1 branch of the dungeon, and saw 4 of its levels.
You visited the Abyss 1 time.

You collected 187 gold pieces.

Inventory:

Hand Weapons
 a - a +1 falchion (weapon)
Armour
 B - a +0 cloak (worn)
Jewellery
 k - a ring of flight (left hand)
 y - a cursed -2 ring of dexterity (right hand)
Wands
 h - a wand of flame (22/48)
 v - a wand of flame (12/48)
Scrolls
 d - 3 scrolls of teleportation
 e - a scroll of remove curse {unknown}
 j - 3 scrolls of recharging
 o - 2 scrolls of amnesia
 q - a scroll of enchant armour {unknown}
 r - a scroll of random uselessness {unknown}
 x - a scroll of fear
 z - a scroll of fog {unknown}
 C - a scroll of identify
Potions
 c - a potion of cancellation {unknown}
 f - a potion of haste {unknown}
 g - a potion of curing {unknown}
 i - a potion of brilliance {unknown}
 m - 3 potions of mutation {unknown}
 s - 3 potions of agility {unknown}
 t - a potion of berserk rage {unknown}
 u - 3 potions of degeneration {unknown}
 w - a potion of resistance {unknown}
 A - a potion of ambrosia {unknown}
Comestibles
 b - 3 bread rations
 l - 3 fruits
 n - 3 royal jellies
 p - 2 meat rations


   Skills:
 + Level 4.6 Fighting
 + Level 5.1 Long Blades
 * Level 4.5 Dodging
 + Level 2.2 Invocations


You had 5 spell levels left.
You didn't know any spells.

Dungeon Overview and Level Annotations

Branches:
Dungeon (4/15)
 Temple: D:4-7

Altars:
Makhleb
Nemelex Xobeh


Innate Abilities, Weirdness & Mutations

Your plain brown scales are hard. (AC +6)
You cannot fit into any form of body armour.
You are cold-blooded and may be slowed by cold attacks.


Message History

Your Long Blades skill increases to level 5!
You hit the phantom.
Your tail-slap misses the phantom.
The phantom is almost destroyed.
The phantom blinks!
The phantom blinks!
You hit the phantom.
The phantom is almost destroyed.
The phantom hits you.
* * * LOW HITPOINT WARNING * * *
The phantom hits you.
* * * LOW HITPOINT WARNING * * *
The phantom blinks!
The phantom blinks!
You hit the phantom but do no damage.
Your tail-slap misses the phantom.
The phantom is almost destroyed.
The phantom barely misses you.
You barely miss the phantom.
The phantom is almost destroyed.
The phantom hits you!
You die...

#######################
......................#
#.####.####.####.####.#
+.+ #.#).+.'..#.#..#.#
#.# #.#..#.#..#.#..#.#
#.#+##.#'##.#'##.#'##.#
.............)..@W....#
#.#+##.#'##.#'##.#'##.#
#.# #.#.)#.#. #.#†.#.#
+.+..#.#. '.+..#.#
#.####.## #.####.# ...
... ... ..# ### ### ###
#.# ..


You could see a phantom.

Vanquished Creatures
  The ghost of Turtleman12345 the Magician, an amateur DEWz (D:3)
  An ogre (D:4)
  Crazy Yiuf (D:3)
  A centaur skeleton (D:4)
  A hound (D:3)
  An orc wizard (D:3)
  Jessica (D:3)
  Ijyb (D:3)
  A worker ant (D:4)
  3 adders
  2 oozes (D:2)
  A worm (D:2)
  3 dart slugs
  4 orcs (D:3)
  3 giant cockroaches
  7 goblins
  9 hobgoblins
  7 jackals
  2 ball pythons
  8 bats
  3 frilled lizards
  5 kobolds
  8 rats
  2 fungi (D:3)
76 creatures vanquished.

Notes
Turn   | Place    | Note
-------+----------+-------------------------------------------
     0 | Abyss:1  | Kosschaser the Draconian Abyssal Knight began the quest for the Orb.
     0 | Abyss:1  | Reached XP level 1. HP: 19/19 MP: 2/2
    48 | Abyss:1  | Noticed a sixfirhy
    49 | D:1      | Escaped the Abyss
   253 | D:1      | Reached XP level 2. HP: 26/26 MP: 3/3
   266 | D:1      | Reached * piety under Lugonu
   685 | D:1      | Found a sparkling altar of Nemelex Xobeh.
  1005 | D:2      | Reached XP level 3. HP: 31/31 MP: 4/4
  1508 | D:2      | Reached XP level 4. HP: 25/40 MP: 5/5
  1902 | D:3      | Noticed Turtleman12345's ghost (amateur DEWz)
  1971 | D:3      | Noticed Jessica
  1978 | D:3      | Killed Jessica
  1978 | D:3      | Reached skill level 3 in Long Blades
  2113 | D:3      | Reached XP level 5. HP: 40/46 MP: 6/6
  2117 | D:3      | Reached ** piety under Lugonu
  2184 | D:3      | Noticed Ijyb
  2239 | D:3      | Killed Ijyb
  3148 | D:3      | Killed Turtleman12345's ghost
  3148 | D:3      | Reached skill level 4 in Long Blades
  3148 | D:3      | Reached XP level 6. HP: 41/52 MP: 7/7
  3350 | D:3      | Found a burning altar of Makhleb.
  3350 | D:3      | Noticed a blizzard demon
  3477 | D:3      | Found a runed door.
  3481 | D:3      | Noticed Crazy Yiuf
  3488 | D:3      | Killed Crazy Yiuf
  3925 | D:4      | Reached skill level 5 in Long Blades
  3935 | D:4      | Slain by a phantom

Skill      XL: |  1  2  3  4  5  6 |
---------------+-------------------+-----
Dodging        | 3 4 |  4.5
Long Blades    | 3 4 5 |  5.1
Fighting       | 4 |  4.6
Invocations    | |  2.2

Action                   |  1- 3 |  4- 6 || total
-------------------------+-------+-------++-------
Melee: Falchion          |    75 |   236 ||   311
       Tailslap          |     8 |    37 ||    45
Invok: Depart the Abyss  |     1 |       ||     1
Evoke: Wand              |       |     1 ||     1
  Use: Scroll            |       |     4 ||     4
 Stab: Distracted        |     1 |       ||     1
  Eat: Chunk             |     2 |     8 ||    10
Armor: Skin              |    20 |    52 ||    72
Dodge: Dodged            |    49 |   138 ||   187
       Rpst.: Falchion   |    16 |    37 ||    53
